 Dungeon Crawl Stone Soup version 0.31-a0-174-g85c54bcb58 (webtiles) character file.

Game seed: 9371708767798037440

240 qw the Chopper (level 6, -2/38 HPs)
             Began as a Gargoyle Fighter on June 15, 2023.
             Slain by an iguana (10 damage)
             ... on level 5 of the Dungeon.
             The game lasted 00:01:20 (2466 turns).

qw the Chopper (Gargoyle Fighter)                   Turns: 2466, Time: 00:01:20

Health: -2/38      AC: 15    Str: 21    XL:     6   Next: 8%
Magic:  6/6        EV:  6    Int:  9    God:
Gold:   132        SH:  5    Dex: 15    Spells: 5/5 levels left

rFire   . . .        Y - +0 war axe
rCold   . . .        c - +0 buckler
rNeg    + . .        a - +0 plate armour
rPois   inf          (no helmet)
rElec   +            (no cloak)
rCorr   .            (no gloves)
SInv    .            (no boots)
Will    .....        (no amulet) Stlth
                     e - +6 ring of dexterity
HPRegen 0.26/turn    (no ring)
MPRegen 0.10/turn

%: no passive effects
@: no status effects
A: sickness immunity, AC +4, negative energy resistance 1, electricity
resistance, torment resistance 1, petrification resistance
a: no special abilities


You were on level 5 of the Dungeon.
You visited 1 branch of the dungeon, and saw 5 of its levels.

You collected 180 gold pieces.
You spent 48 gold pieces at shops.


Innate Abilities, Weirdness & Mutations

You are immune to sickness and miasma.
Your stone body is resilient. (AC +4)
You are immune to poison.
You resist negative energy. (rN+)
You are resistant to electric shocks. (rElec)
You are resistant to unholy torment.
You are immune to petrification.


   Skills:
 + Level 3.7 Fighting
 - Level 5.0 Axes
 - Level 1.0 Throwing
 - Level 3.2 Armour
 - Level 1.0 Dodging
 - Level 3.2 Shields


You had 5 spell levels left.
You didn't know any spells.
Your spell library was empty.

Inventory:

Hand Weapons
 b - a +0 flail
 Y - a +0 war axe (weapon)
Missiles
 h - a boomerang
 o - 2 javelins (quivered)
Armour
 a - a +0 plate armour (worn)
 c - a +0 buckler (worn)
 i - a +2 pair of gloves
 j - +0 ice dragon scales
Jewellery
 e - a +6 ring of dexterity (left hand)
 l - a ring of wizardry
Scrolls
 n - a scroll of enchant weapon {unknown}
 p - a scroll of identify
Potions
 d - 2 potions of might
 f - 2 potions of lignification {unknown}
 g - a potion of degeneration {unknown}
 k - a potion of mutation {unknown}
 m - 3 potions of curing

Dungeon Overview and Level Annotations

Branches:
Dungeon (4/15)
 Temple: D:4-7

Altars:
Elyvilon
The Shining One

Shops:
D:1 !   D:2 (

Annotations:
D:4 1 transporter


Message History

A bat comes into view.
The gnoll hits you but does no damage.
The gnoll bouda hits you with a +0 whip.
The iguana barely misses you. You block the gnoll's attack.
The gnoll hits you with a +0 spear.
You slash the gnoll bouda!
You kill the gnoll bouda!
You completely miss the gnoll. You closely miss the iguana.
The iguana bites you but does no damage.
The gnoll hits you from afar with a +1 vampiric halberd.
The gnoll closely misses you. The iguana completely misses you.
You have reached level 6!
You hit the iguana but do no damage.
The iguana is heavily wounded.
You barely miss the gnoll. The bat hits you but does no damage.
You block the gnoll's attack. The gnoll barely misses you.
You block the iguana's attack. The gnoll hits you but does no damage.
You hit the iguana but do no damage.
The iguana is heavily wounded.
You miss the bat. You hit the gnoll but do no damage.
The bat hits you but does no damage. x2; The gnoll hits you but does no damage.
The iguana bites you but does no damage.
The gnoll hits you from afar with a +1 vampiric halberd.
The bat barely misses you. The gnoll hits you with a +0 spear.
You hit the iguana but do no damage.
The iguana is heavily wounded.
You closely miss the gnoll. You closely miss the bat.
The gnoll is no longer moving quickly.
The bat hits you but does no damage.
The iguana bites you but does no damage.
The gnoll hits you but does no damage. The gnoll closely misses you.
The iguana completely misses you.
You hit the iguana but do no damage.
The iguana is heavily wounded.
You slash the gnoll!
You kill the gnoll!
You closely miss the bat. You block the bat's attack. The bat hits you.
The gnoll hits you but does no damage. The iguana bites you!
You die... 77P7 77PP777

.. .~ #77.7 7P~~ 7 .#
..# #7.7777~~~ P7.# ...#
#.77 7.~~~7 77..##....
.## 7~~~P77 7.........
.# 7~~~..777.........
.####77~~~7..7...)......
................@lg.(...
.#########....b^)>......
[########.##.#..........
.................##.##.#
##.#.#....##.#......# #
#.#.#.......#...##.#
#.#.####....#...# .
..... .....+...# ..#.#
#....#


You could see an iguana, a gnoll and a bat.

Vanquished Creatures
  A gnoll bouda (D:5)
  Jessica (D:3)
  An iguana (D:4)
  An orc wizard (D:3)
  2 gnolls (D:5)
  5 adders
  A worm (D:5)
  A dart slug (D:2)
  6 orcs
  6 bats
  5 endoplasms
  3 giant cockroaches
  5 goblins
  5 hobgoblins
  4 jackals (D:3)
  9 kobolds
  8 ball pythons
  2 frilled lizards
  8 rats
74 creatures vanquished.

Notes
Turn   | Place    | Note
-------+----------+-------------------------------------------
     0 | D:1      | qw the Gargoyle Fighter began the quest for the Orb.
     0 | D:1      | Reached XP level 1. HP: 14/14 MP: 1/1
     0 | D:1      | 0 ||| qw: Version: 0.2-a-29-g511e9b1
     0 | D:1      | 0 ||| qw: Game counter: 5230
     0 | D:1      | 0 ||| qw: Always use a shield: true
     0 | D:1      | 0 ||| qw: God list: Okawaru
     0 | D:1      | 0 ||| qw: Allow faded altars: false
     0 | D:1      | 0 ||| qw: Do Orc after D:15 true
     0 | D:1      | 0 ||| qw: Do second Lair branch before Depths: true
     0 | D:1      | 0 ||| qw: Lair rune preference: random
     0 | D:1      | 0 ||| qw: Plans: Normal, Zot:1-4, Slime:5, God:TSO, Crypt,
                  | Tomb, Abyss, Pan, Hells, Win
     0 | D:1      | 0 ||| PLANNING D:1-11
    56 | D:1      | Reached skill level 2 in Axes
    76 | D:1      | 76 ||| Stepping ~*~*~tactically~*~*~ (stealth).
    89 | D:1      | Reached XP level 2. HP: 9/19 MP: 2/2
   417 | D:1      | 417 ||| Stepping ~*~*~tactically~*~*~ (hiding).
   418 | D:1      | 418 ||| Stepping ~*~*~tactically~*~*~ (hiding).
   581 | D:1      | Found Histeqy's Distillery.
   595 | D:1      | Reached skill level 3 in Axes
   603 | D:1      | 603 ||| SHOPLISTING 2 potions of might (96 gold, have 74).
   603 | D:1      | 603 ||| SHOPLISTING potion of cancellation (96 gold, have
                  | 74).
   603 | D:1      | 603 ||| BUYING potion of might (48 gold).
   603 | D:1      | Bought a potion of might for 48 gold pieces
   603 | D:1      | 603 ||| SHOPLISTING potion of resistance (120 gold, have
                  | 26).
   738 | D:1      | 738 ||| READING scroll labelled SUTAMO ZEREGIRR.
   739 | D:1      | 739 ||| READING scroll labelled CATEUSM WOYRR.
   798 | D:2      | Reached XP level 3. HP: 22/23 MP: 3/3
   818 | D:2      | Found Xiare's Weapon Shop.
   834 | D:2      | 834 ||| Stepping ~*~*~tactically~*~*~ (stealth).
   835 | D:2      | 835 ||| Stepping ~*~*~tactically~*~*~ (stealth).
   837 | D:2      | 837 ||| Stepping ~*~*~tactically~*~*~ (stealth).
   851 | D:2      | Identified the +1 ring mail of the True Pharaoh {Stlth+}
   874 | D:2      | 874 ||| DROPPING +0 club.
  1179 | D:2      | 1179 ||| UPGRADING to +0 plate armour.
  1189 | D:2      | 1189 ||| DROPPING +0 scale mail.
  1190 | D:2      | 1190 ||| DROPPING amulet of magic regeneration.
  1191 | D:2      | 1191 ||| UPGRADING to +6 ring of dexterity.
  1192 | D:2      | 1192 ||| READING scroll labelled YNUDAA BATSIKU.
  1193 | D:2      | 1193 ||| READING scroll labelled LAAXKODANICH.
  1198 | D:2      | 1198 ||| READING scroll labelled TIAZU EBRAA.
  1199 | D:2      | 1199 ||| READING scroll labelled SIDI SOJYS.
  1265 | D:3      | Reached skill level 1 in Throwing
  1313 | D:3      | Noticed Jessica
  1315 | D:3      | 1315 ||| Stepping ~*~*~tactically~*~*~ (hiding).
  1316 | D:3      | 1316 ||| Stepping ~*~*~tactically~*~*~ (hiding).
  1317 | D:3      | 1317 ||| Stepping ~*~*~tactically~*~*~ (hiding).
  1318 | D:3      | 1318 ||| Stepping ~*~*~tactically~*~*~ (hiding).
  1327 | D:3      | Killed Jessica
  1328 | D:3      | Reached XP level 4. HP: 22/28 MP: 4/4
  1412 | D:3      | Found a white marble altar of Elyvilon.
  1528 | D:3      | 1528 ||| Stepping ~*~*~tactically~*~*~ (stealth).
  1529 | D:3      | 1529 ||| Stepping ~*~*~tactically~*~*~ (stealth).
  1577 | D:3      | Reached skill level 4 in Axes
  1612 | D:3      | Found a glowing golden altar of the Shining One.
  1632 | D:3      | 1632 ||| DROPPING +0 whip.
  1723 | D:3      | Reached XP level 5. HP: 29/32 MP: 5/5
  2195 | D:3      | 2195 ||| READING scroll labelled PYWEZI MEYMAMM.
  2196 | D:3      | 2196 ||| DRINKING 4 yellow potions.
  2212 | D:4      | 2212 ||| STAIRDANCE
  2311 | D:4      | Reached skill level 5 in Axes
  2378 | D:4      | Found a transporter.
  2415 | D:4      | You fall into a shaft and drop 1 floor!
  2415 | D:5      | Entered Level 5 of the Dungeon
  2416 | D:5      | 2416 ||| PLANNING SEWER
  2454 | D:5      | Reached skill level 1 in Dodging
  2463 | D:5      | Reached XP level 6. HP: 15/38 MP: 6/6
  2464 | D:5      | HP: 9/38 [gnoll/+0 spear[a gnoll bouda] (4)]
  2466 | D:5      | Slain by an iguana

Levels and vault maps discovered:
D:1:      dpeg_arrival_rooms_b, layout_basic, serial_shops, nicolae_diamond_shop
D:2:      layout_rooms, serial_shops, shop
D:3:      layout_basic, elyvilon_altar_1, lemuel_tele_altar,
          grunt_ministairs_12, nrook_campfire, minmay_misc_feat_four_crosses,
          chequers_serial_rivers_micro_a, uniq_jessica
D:4:      layout_basic, nicolae_hepliaklqana_monster_ancestors,
          gammafunk_ghost_abyssal_escape, st_stairs_8, saegor_snake_ambush
D:5:      layout_basic, cheibrodos_sewer_entry_sluice, wad_woods_river_04

Skill      XL: |  1  2  3  4  5 |
---------------+----------------+-----
Axes           | 2 3 4 5 |  5.0
Throwing       | 1 |  1.0
Dodging        | 1 |  1.0
Fighting       | |  3.7
Armour         | |  3.2
Shields        | |  3.2

Action                     |  1- 3 |  4- 6 || total
---------------------------+-------+-------++-------
  Melee: War axe           |    93 |    94 ||   187
  Throw: Javelin           |    18 |    30 ||    48
    Use: Scroll            |     6 |     1 ||     7
         Potion            |       |     1 ||     1
 Armour: Scale mail        |    62 |       ||    62
         Plate armour      |     2 |    91 ||    93
  Dodge: Dodged            |    36 |    45 ||    81
  Block: Buckler           |    20 |    27 ||    47

Table legend:
 A = Non-vault XP
 B = Vault XP
 C = Vault XP percentage of total XP
 D = Non-vault monster count
 E = Vault monster count
 F = Vault count percentage of total count
                 A         B        C        D         E       F
            +---------+---------+-------+---------+---------+-------
      Total |     292 |      65 |  18.2 |      70 |       4 |   5.4
            +---------+---------+-------+---------+---------+-------
        D:1 |      32 |       0 |   0.0 |      20 |       0 |   0.0
        D:2 |      25 |       0 |   0.0 |      15 |       0 |   0.0
        D:3 |     111 |      51 |  31.5 |      23 |       3 |  11.5
        D:4 |      50 |      14 |  21.9 |       8 |       1 |  11.1
        D:5 |      74 |       0 |   0.0 |       4 |       0 |   0.0
            +---------+---------+-------+---------+---------+-------
